 Dungeon Crawl Stone Soup version 0.17-a0-1508-ge7f3dc3 (webtiles) character file.

35 Chiseanne the Grasshopper (level 3, 20/28 HPs)
             Began as a Demonspawn Warper on July 10, 2015.
             Quit the game on level 2 of the Dungeon.
             The game lasted 00:03:19 (1614 turns).

Chiseanne the Grasshopper (Demonspawn Warper)       Turns: 1614, Time: 00:03:19

Health: 20/28      AC:  7    Str: 12    XL:     3   Next: 17%
Magic:  6/6        EV: 11    Int: 14    God:
Gold:   38         SH:  0    Dex: 12    Spells: 1 memorised, 5 levels left

rFire  . . .     SeeInvis +     s - +1 dagger (drain)
rCold  . . .     Clarity  .     j - +0 ring mail
rNeg   . . .     SustAt   .     (no shield)
rPois  .         Gourm    .     (helmet restricted)
rElec  .         Spirit   .     (no cloak)
rCorr  .         Warding  .     (no gloves)
rMut   .         Stasis   .     (no boots)
MR     .....                    (no amulet)
Stlth  +.........               (no ring)
                                o - ring of see invisible

@: not resistant to hostile enchantments, very unstealthy
A: antennae 1, slimy green scales 1
a: no special abilities


You were on level 2 of the Dungeon.
You were not hungry.

You visited 1 branch of the dungeon, and saw 2 of its levels.

You collected 38 gold pieces.

Inventory:

Hand weapons
 a - a +0 hand axe
 s - a +1 dagger of draining (weapon)
Missiles
 e - 5 tomahawks of dispersal (quivered)
 i - 22 poisoned needles
 k - 43 arrows
Armour
 j - a +0 ring mail (worn)
Jewellery
 o - a ring of see invisible (left hand)
Scrolls
 d - 2 scrolls of blinking
 n - a scroll of teleportation
Potions
 b - a potion of lignification
 g - a potion of curing {unknown}
 h - a potion of beneficial mutation {unknown}
 m - a potion of magic {unknown}
Books
 c - a book of Spatial Translocations

   Spells                             Type                      Level
   a - Apportation                    Translocation                1
   b - Blink                          Translocation                2
   c - Shroud of Golubria             Charms/Translocation         2
   d - Portal Projectile              Translocation                3
   e - Teleport Other                 Translocation                3
   f - Passage of Golubria            Translocation                4
Comestibles
 f - a bread ration


   Skills:
 * Level 2.6 Fighting
 - Level 1.7 Axes
 - Level 0.8 Throwing
 * Level 1.5 Armour
 + Level 2.0 Dodging
 + Level 2.1 Spellcasting
 + Level 2.9 Translocations


You had 5 spell levels left.
You knew the following spells:

 Your Spells              Type           Power        Failure   Level  Hunger
a - Apportation           Tloc           #.........   21%         1    #......


Dungeon Overview and Level Annotations

Branches:
Dungeon (2/15)

Altars:


Innate Abilities, Weirdness & Mutations

You have a pair of small antennae on your head.
You are partially covered in slimy green scales (AC +2).


Message History

The goblin is moderately wounded.
The goblin hits you but does no damage.
You closely miss the goblin.
The goblin is moderately wounded.
The goblin closely misses you.
You hit the goblin.
The goblin is severely wounded.
The goblin hits you but does no damage.
A bat comes into view.
You closely miss the goblin.
The goblin is severely wounded.
The goblin barely misses you.
You hit the goblin. You drain the goblin!
You kill the goblin!
You hit the bat.
The bat is almost dead.
The bat barely misses you. The bat closely misses you.
The bat barely misses you.
You see here a dagger.
Are you sure you want to abandon this character and quit the game? (Confirm with "yes".)

#.#...#....'.......#
#.#.#.#....###.....#
#[#.#.#....# #.....#
#...#.#....# #.....#
#####[#.#### #.....#
......#.# #.....# #
#####.#. #.....#.# #
#.#. ##......# # #.#
#.@..[.# # #.#
#..b...# # ..#
..##.##.# # ### ....
#.. .# ...... ##.#.#
...... .# ..... ..
.... ...


You could see a bat.

Vanquished Creatures
  An adder (D:2)
  A giant gecko (D:1)
  A giant cockroach (D:1)
  5 goblins
  4 hobgoblins (D:1)
  6 kobolds
  4 bats (D:1)
  A giant newt (D:1)
  3 rats (D:1)
26 creatures vanquished.

Notes
Turn   | Place    | Note
--------------------------------------------------------------
     0 | D:1      | Chiseanne the Demonspawn Warper began the quest for the Orb.
     0 | D:1      | Reached XP level 1. HP: 16/16 MP: 3/3
   679 | D:1      | Gained mutation: You are partially covered in slimy green scales (AC +2). [demonic ancestry]
   679 | D:1      | Reached XP level 2. HP: 22/22 MP: 5/5
   745 | D:1      | Reached skill level 1 in Armour
  1605 | D:2      | Gained mutation: You have a pair of small antennae on your head. [demonic ancestry]
  1605 | D:2      | Reached XP level 3. HP: 19/28 MP: 6/6
  1614 | D:2      | Quit the game

Vault maps used:
D:1:      onia_arrival_mini_spirals
D:2:      first_bread, roderic_lattice_a

Action                   || total
-------------------------++-------
Melee: Hand axe          ||    85
       Dagger            ||    21
  Use: Scroll            ||     7
  Eat: Chunk             ||     2
